[ PARTIDA AOE2 · #492866942 ]
UnrankedPortugueses vs Teutons
Equipo del jugador · VICT
Equipo rival · DERR
[ ANÁLISIS DE REPETICIÓN · EXTRAÍDO DE LA PARTIDA GRABADA ]
Feudal
9:13
Castillos
19:50
Imperial
—
| APM promedio | 57.4 |
| APM pico | 80 |
| eAPM promedio | 17.5 |
| Aldeanos / militares | 57 / 31 |
Foco
⚔️ 45.7% · 🌾 54.3%
Archer ×16 · Knight ×5 · Militia ×3 · Mangonel ×3 · Scout Cavalry ×3 · Spearman ×1
Feudal
8:57
Castillos
20:24
Imperial
—
| APM promedio | 71.6 |
| APM pico | 119 |
| eAPM promedio | 30.6 |
| Aldeanos / militares | 85 / 29 |
Foco
⚔️ 49.0% · 🌾 51.0%
Skirmisher ×23 · Spearman ×4 · Monk ×1 · Mangonel ×1
Mapa de la partida
Recursos iniciales + cada clic de construcción. Líneas = muros · curvas = relieve. ◆ oro · ⬟ piedra · ● bayas · ✦ reliquia · ◌ hueco del cierre
Tu base· Abierta — flanco sin cerrar
Base de danger_noodle42· Abierta — hueco de 5t
Terreno inicial suavizado · ◌ = hueco del cierre detectado · pasá el cursor para detalles
Inputs por minuto
— Whoosher9355 - - danger_noodle42
Build order — Whoosher9355
Primeras 150 de 156 acciones detectadas
| 0:01 | Encolar | Villager (Male) |
| 0:01 | Encolar | Villager (Male) |
| 0:02 | Encolar | Villager (Male) |
| 0:02 | Construir | House |
| 0:03 | Construir | House |
| 0:11 | Encolar | Villager (Male) |
| 1:27 | Encolar | Villager (Male) |
| 1:27 | Encolar | Villager (Male) |
| 1:53 | Construir | Lumber Camp |
| 1:58 | Encolar | Villager (Male) |
| 2:14 | Encolar | Villager (Male) |
| 2:14 | Encolar | Villager (Male) |
| 2:47 | Encolar | Villager (Male) |
| 3:20 | Encolar | Villager (Male) |
| 3:20 | Encolar | Villager (Male) |
| 3:55 | Construir | House |
| 4:02 | Encolar | Villager (Male) |
| 4:03 | Encolar | Villager (Male) |
| 4:23 | Encolar | Villager (Male) |
| 4:23 | Encolar | Villager (Male) |
| 4:57 | Encolar | Villager (Male) |
| 4:59 | Encolar | Villager (Male) |
| 5:17 | Construir | Barracks |
| 5:37 | Encolar | Villager (Male) |
| 5:42 | Encolar | Villager (Male) |
| 5:50 | Construir | House |
| 6:03 | Investigar | Loom |
| 6:27 | Construir | House |
| 7:03 | Investigar | Feudal Age |
| 7:04 | Encolar | Militia |
| 7:07 | Construir | House |
| 7:09 | Construir | Mining Camp |
| 7:23 | Construir | Palisade Wall |
| 7:27 | Encolar | Militia |
| 7:41 | Encolar | Militia |
| 7:49 | Construir | Palisade Wall |
| 7:49 | Construir | Palisade Wall |
| 9:13 | Edad | Edad Feudal |
| 9:17 | Encolar | Villager (Male) |
| 9:18 | Investigar | Double-Bit Axe |
| 9:23 | Construir | Archery Range |
| 9:24 | Encolar | Spearman |
| 9:40 | Investigar | Man-at-Arms (upgrade) |
| 9:54 | Encolar | Villager (Male) |
| 9:57 | Construir | Mill |
| 10:04 | Construir | House |
| 10:32 | Encolar | Villager (Male) |
| 10:33 | Encolar | Archer |
| 10:48 | Encolar | Archer |
| 10:54 | Construir | Farm |
| 10:55 | Construir | Farm |
| 11:00 | Construir | House |
| 11:02 | Construir | Palisade Wall |
| 11:08 | Encolar | Villager (Male) |
| 11:24 | Encolar | Villager (Male) |
| 11:36 | Construir | Palisade Gate |
| 11:48 | Encolar | Archer |
| 12:00 | Construir | Farm |
| 12:01 | Construir | Farm |
| 12:01 | Encolar | Villager (Male) |
| 12:16 | Construir | Blacksmith |
| 12:29 | Encolar | Archer |
| 12:32 | Encolar | Villager (Male) |
| 12:34 | Construir | Farm |
| 12:52 | Construir | Farm |
| 12:57 | Encolar | Villager (Male) |
| 13:04 | Encolar | Archer |
| 13:14 | Construir | House |
| 13:18 | Encolar | Villager (Male) |
| 13:26 | Investigar | Fletching |
| 13:30 | Construir | Farm |
| 13:42 | Construir | Palisade Wall |
| 13:51 | Encolar | Villager (Male) |
| 13:54 | Construir | Farm |
| 13:55 | Encolar | Villager (Male) |
| 14:04 | Encolar | Archer |
| 14:22 | Encolar | Villager (Male) |
| 14:40 | Construir | Market |
| 14:42 | Encolar | Archer |
| 14:43 | Encolar | Villager (Male) |
| 14:48 | Construir | Farm |
| 14:50 | Construir | Farm |
| 15:10 | Encolar | Villager (Male) |
| 15:12 | Encolar | Archer |
| 15:46 | Encolar | Villager (Male) |
| 15:55 | Encolar | Archer |
| 16:18 | Construir | House |
| 16:26 | Encolar | Villager (Male) |
| 16:35 | Construir | Stable |
| 16:37 | Encolar | Archer |
| 17:11 | Investigar | Castle Age |
| 17:11 | Investigar | Castle Age |
| 17:11 | Encolar | Archer |
| 17:37 | Encolar | Archer |
| 17:45 | Encolar | Scout Cavalry |
| 18:01 | Construir | House |
| 18:06 | Construir | Farm |
| 18:17 | Encolar | Archer |
| 18:19 | Encolar | Scout Cavalry |
| 18:25 | Construir | Farm |
| 19:05 | Encolar | Scout Cavalry |
| 19:35 | Encolar | Archer |
| 19:50 | Edad | Edad de los Castillos |
| 19:53 | Investigar | Crossbowman (upgrade) |
| 20:10 | Encolar | Villager (Male) |
| 20:10 | Encolar | Knight |
| 20:18 | Investigar | Bodkin Arrow |
| 20:18 | Investigar | Bodkin Arrow |
| 20:28 | Encolar | Knight |
| 20:36 | Encolar | Villager (Male) |
| 20:41 | Construir | Siege Workshop |
| 20:50 | Construir | Farm |
| 20:51 | Construir | Farm |
| 20:52 | Construir | Farm |
| 20:54 | Investigar | Horse Collar |
| 21:03 | Construir | Town Center |
| 21:03 | Encolar | Villager (Male) |
| 21:23 | Encolar | Villager (Male) |
| 21:24 | Encolar | Knight |
| 21:27 | Encolar | Archer |
| 21:38 | Construir | Farm |
| 21:54 | Encolar | Knight |
| 21:55 | Encolar | Villager (Male) |
| 21:58 | Construir | Farm |
| 22:09 | Construir | House |
| 22:24 | Encolar | Villager (Male) |
| 22:27 | Encolar | Mangonel |
| 22:57 | Encolar | Villager (Male) |
| 23:00 | Encolar | Villager (Male) |
| 23:08 | Investigar | Bow Saw |
| 23:19 | Encolar | Villager (Male) |
| 23:22 | Construir | House |
| 23:43 | Encolar | Mangonel |
| 23:44 | Encolar | Villager (Male) |
| 23:44 | Encolar | Villager (Male) |
| 24:15 | Encolar | Villager (Male) |
| 24:16 | Encolar | Villager (Male) |
| 24:17 | Encolar | Archer |
| 24:19 | Construir | House |
| 24:22 | Construir | Lumber Camp |
| 24:46 | Encolar | Villager (Male) |
| 24:47 | Encolar | Villager (Male) |
| 25:02 | Construir | Farm |
| 25:03 | Construir | Farm |
| 25:13 | Construir | House |
| 25:23 | Encolar | Villager (Male) |
| 25:23 | Encolar | Villager (Male) |
| 25:28 | Encolar | Mangonel |
| 25:34 | Encolar | Villager (Male) |
| 25:35 | Encolar | Villager (Male) |
Build order — danger_noodle42
Primeras 150 de 200 acciones detectadas
| 0:00 | Encolar | Villager (Male) |
| 0:01 | Encolar | Villager (Male) |
| 0:02 | Construir | House |
| 0:04 | Construir | House |
| 0:07 | Encolar | Villager (Male) |
| 0:07 | Encolar | Villager (Male) |
| 0:11 | Construir | House |
| 1:33 | Encolar | Villager (Male) |
| 2:04 | Construir | Lumber Camp |
| 2:05 | Encolar | Villager (Male) |
| 2:08 | Encolar | Villager (Male) |
| 2:52 | Encolar | Villager (Male) |
| 3:02 | Encolar | Villager (Male) |
| 3:46 | Construir | House |
| 3:51 | Encolar | Villager (Male) |
| 3:59 | Encolar | Villager (Male) |
| 4:15 | Construir | House |
| 4:38 | Encolar | Villager (Male) |
| 5:06 | Encolar | Villager (Male) |
| 5:16 | Construir | Mill |
| 5:30 | Encolar | Villager (Male) |
| 5:48 | Encolar | Villager (Male) |
| 5:52 | Investigar | Loom |
| 5:56 | Construir | House |
| 6:11 | Construir | Palisade Wall |
| 6:25 | Construir | Palisade Wall |
| 6:25 | Construir | Palisade Wall |
| 6:46 | Investigar | Feudal Age |
| 6:47 | Investigar | Feudal Age |
| 7:16 | Construir | Lumber Camp |
| 7:54 | Construir | Palisade Wall |
| 8:33 | Encolar | Villager (Male) |
| 8:57 | Edad | Edad Feudal |
| 9:01 | Investigar | Double-Bit Axe |
| 9:02 | Investigar | Horse Collar |
| 9:24 | Encolar | Villager (Male) |
| 9:26 | Construir | Farm |
| 9:27 | Construir | Farm |
| 9:29 | Construir | Farm |
| 9:32 | Construir | Farm |
| 9:35 | Construir | Farm |
| 9:48 | Encolar | Villager (Male) |
| 9:51 | Construir | Palisade Wall |
| 9:57 | Construir | Farm |
| 10:00 | Construir | Farm |
| 10:10 | Encolar | Villager (Male) |
| 10:24 | Construir | House |
| 10:29 | Encolar | Villager (Male) |
| 10:34 | Encolar | Villager (Male) |
| 10:44 | Encolar | Villager (Male) |
| 10:48 | Encolar | Villager (Male) |
| 10:51 | Encolar | Villager (Male) |
| 11:00 | Construir | Barracks |
| 11:01 | Encolar | Villager (Male) |
| 11:13 | Encolar | Villager (Male) |
| 11:18 | Encolar | Villager (Male) |
| 11:33 | Encolar | Villager (Male) |
| 11:46 | Encolar | Villager (Male) |
| 11:48 | Encolar | Villager (Male) |
| 11:51 | Construir | Archery Range |
| 11:54 | Construir | House |
| 11:55 | Encolar | Villager (Male) |
| 12:10 | Encolar | Villager (Male) |
| 12:34 | Encolar | Skirmisher |
| 12:35 | Encolar | Villager (Male) |
| 12:42 | Encolar | Villager (Male) |
| 12:46 | Construir | Palisade Wall |
| 12:52 | Encolar | Skirmisher |
| 13:03 | Construir | Palisade Wall |
| 13:04 | Construir | Palisade Wall |
| 13:06 | Encolar | Skirmisher |
| 13:10 | Encolar | Villager (Male) |
| 13:15 | Encolar | Skirmisher |
| 13:19 | Encolar | Villager (Male) |
| 13:27 | Construir | Palisade Wall |
| 13:36 | Encolar | Skirmisher |
| 13:40 | Encolar | Villager (Male) |
| 13:44 | Construir | House |
| 13:47 | Encolar | Skirmisher |
| 13:56 | Encolar | Skirmisher |
| 14:02 | Construir | Mining Camp |
| 14:04 | Construir | Farm |
| 14:10 | Encolar | Villager (Male) |
| 14:12 | Construir | Blacksmith |
| 14:20 | Construir | House |
| 14:30 | Encolar | Villager (Male) |
| 14:42 | Construir | House |
| 14:45 | Construir | House |
| 14:55 | Construir | Farm |
| 14:58 | Construir | Farm |
| 15:03 | Construir | Farm |
| 15:21 | Construir | House |
| 15:29 | Construir | House |
| 15:30 | Construir | House |
| 15:31 | Construir | Palisade Wall |
| 15:34 | Construir | Palisade Wall |
| 15:44 | Investigar | Fletching |
| 15:50 | Encolar | Villager (Male) |
| 15:53 | Construir | Farm |
| 15:59 | Encolar | Villager (Male) |
| 16:15 | Encolar | Villager (Male) |
| 16:20 | Encolar | Skirmisher |
| 16:25 | Encolar | Villager (Male) |
| 16:30 | Construir | Farm |
| 16:32 | Encolar | Villager (Male) |
| 16:38 | Construir | Farm |
| 16:39 | Construir | Farm |
| 16:43 | Encolar | Skirmisher |
| 17:00 | Encolar | Skirmisher |
| 17:04 | Encolar | Villager (Male) |
| 17:08 | Construir | Farm |
| 17:09 | Construir | Farm |
| 17:33 | Investigar | Castle Age |
| 17:54 | Encolar | Skirmisher |
| 17:56 | Construir | House |
| 18:03 | Investigar | Padded Archer Armor |
| 18:13 | Encolar | Skirmisher |
| 18:14 | Encolar | Villager (Male) |
| 18:23 | Construir | Farm |
| 18:25 | Construir | Farm |
| 18:36 | Encolar | Spearman |
| 19:03 | Encolar | Spearman |
| 19:08 | Encolar | Skirmisher |
| 19:09 | Encolar | Spearman |
| 19:30 | Encolar | Villager (Male) |
| 19:31 | Encolar | Spearman |
| 19:37 | Encolar | Skirmisher |
| 19:47 | Encolar | Skirmisher |
| 20:08 | Encolar | Villager (Male) |
| 20:10 | Construir | Farm |
| 20:16 | Construir | House |
| 20:17 | Construir | House |
| 20:24 | Edad | Edad de los Castillos |
| 20:26 | Investigar | Elite Skirmisher (upgrade) |
| 20:27 | Investigar | Bodkin Arrow |
| 20:28 | Encolar | Villager (Male) |
| 20:35 | Investigar | Bow Saw |
| 20:39 | Construir | Monastery |
| 20:41 | Encolar | Villager (Male) |
| 20:47 | Construir | Town Center |
| 20:49 | Encolar | Villager (Male) |
| 21:06 | Construir | House |
| 21:07 | Encolar | Villager (Male) |
| 21:09 | Construir | Palisade Wall |
| 21:12 | Construir | House |
| 21:26 | Encolar | Monk |
| 21:29 | Encolar | Villager (Male) |
| 21:31 | Encolar | Skirmisher |
| 21:32 | Encolar | Skirmisher |
| 21:35 | Encolar | Villager (Male) |
Cronología de la partida
| 5:17 | Whoosher9355 · first_building Barracks |
| 6:11 | danger_noodle42 · wall_segment Palisade Wall x1 |
| 6:25 | danger_noodle42 · wall_segment Palisade Wall x1 |
| 6:25 | danger_noodle42 · wall_segment Palisade Wall x1 |
| 7:23 | Whoosher9355 · wall_segment Palisade Wall x13 |
| 7:49 | Whoosher9355 · wall_segment Palisade Wall x11 |
| 7:49 | Whoosher9355 · wall_segment Palisade Wall x2 |
| 7:54 | danger_noodle42 · wall_segment Palisade Wall x1 |
| 8:57 | danger_noodle42 · age_up feudal |
| 9:13 | Whoosher9355 · age_up feudal |
| 9:23 | Whoosher9355 · first_building Archery Range |
| 9:51 | danger_noodle42 · wall_segment Palisade Wall x2 |
| 11:00 | danger_noodle42 · first_building Barracks |
| 11:02 | Whoosher9355 · wall_segment Palisade Wall x5 |
| 11:51 | danger_noodle42 · first_building Archery Range |
| 12:46 | danger_noodle42 · wall_segment Palisade Wall x4 |
| 13:03 | danger_noodle42 · wall_segment Palisade Wall x1 |
| 13:04 | danger_noodle42 · wall_segment Palisade Wall x1 |
| 13:27 | danger_noodle42 · wall_segment Palisade Wall x6 |
| 13:42 | Whoosher9355 · wall_segment Palisade Wall x9 |
| 15:31 | danger_noodle42 · wall_segment Palisade Wall x1 |
| 15:34 | danger_noodle42 · wall_segment Palisade Wall x1 |
| 16:29 | Whoosher9355 · first_market_sell 500 stone |
| 16:30 | Whoosher9355 · first_market_buy 100 food |
| 16:35 | Whoosher9355 · first_building Stable |
| 19:50 | Whoosher9355 · age_up castle |
| 20:24 | danger_noodle42 · age_up castle |
| 20:39 | danger_noodle42 · first_building Monastery |
| 20:41 | Whoosher9355 · first_building Siege Workshop |
| 21:09 | danger_noodle42 · wall_segment Palisade Wall x1 |
| 23:53 | danger_noodle42 · first_building Siege Workshop |
| 26:24 | danger_noodle42 · resign |
[ ANÁLISIS IA · 1 CRÉDITO ]
¿Qué pasó realmente en esta partida?
Wolo.gg analiza cada decisión: build order, eco, micro, errores típicos por bracket. Análisis personalizado por WhatsApp o Discord en 30 segundos.
Guía civ
Portugueses
Perfil
Jugador #208314